 Dungeon Crawl Stone Soup version 0.30.0-29-ga12c61a403 (webtiles) character file.

Game seed: 14534503202419286076

36 Bnni the Digger (level 3, -5/25 HPs)
             Began as a Formicid Earth Elementalist on June 21, 2023.
             Slain by an orc
             ... wielding a +0 mace
              (6 damage)
             ... on level 2 of the Dungeon.
             The game lasted 00:01:38 (1073 turns).

Bnni the Digger (Formicid Earth Elementalist)       Turns: 1073, Time: 00:01:38

Health: -5/25      AC:  4    Str: 12    XL:     3   Next: 57%
Magic:  0/6        EV: 12    Int: 16    God:
Gold:   56         SH:  0    Dex: 14    Spells: 0/6 levels left

rFire   . . .        c - +0 short sword
rCold   . . .        (no shield)
rNeg    . . .        a - +0 robe
rPois   .            (helmet unavailable)
rElec   .            (no cloak)
rCorr   .            (no gloves)
SInv    +            i - +1 pair of boots
Will    +....        (no amulet)
Stlth   ++           d - ring of willpower
HPRegen 0.24/turn    (no ring)
MPRegen 0.10/turn

%: no passive effects
@: no status effects
A: permanent stasis, dig shafts and tunnels, antennae 3, four strong arms
a: Dig, Shaft Self


You were on level 2 of the Dungeon.
You visited 1 branch of the dungeon, and saw 2 of its levels.

You collected 56 gold pieces.

Inventory:

Hand Weapons
 c - a +0 short sword (weapon)
Armour
 a - a +0 robe (worn)
 f - a +0 leather armour
 g - a +0 chain mail
 i - a +1 pair of boots (worn)
 k - a +0 ring mail
Jewellery
 d - a ring of willpower (left hand)
 l - an amulet of guardian spirit
Scrolls
 e - a scroll of amnesia {unknown}
 h - a scroll of fear {unknown}
 j - a scroll of magic mapping {unknown}
Potions
 b - a potion of magic
 m - a potion of lignification {unknown}


   Skills:
 + Level 0.8 Fighting
 - Level 1.7 Dodging
 - Level 2.4 Stealth
 + Level 2.3 Spellcasting
 * Level 1.1 Conjurations
 * Level 1.9 Transmutations
 * Level 4.1 Earth Magic


You couldn't memorise any spells.
You knew the following spells:

 Your Spells              Type           Power      Damage    Failure   Level
a - Sandblast             Erth           30%        2d9       3%          1
b - Passwall              Tmut/Erth      9%         N/A       9%          2
c - Stone Arrow           Conj/Erth      20%        3d8       21%         3

Your spell library contained the following spells:

 Spells                   Type           Power      Damage    Failure   Level
 Dazzling Flash           Conj/Hex       6%         N/A       43%         3
 Petrify                  Tmut/Erth      11%        N/A       50%         4
 Agony                    Necr           1%         N/A       99%         5
 Arcjolt                  Conj/Air       1%         1d11      99%         5
 Silence                  Hex/Air        0%         N/A       99%         5
 Plasma Beam              Fire/Air       0%         2x1d11    100%        6
 Vhi's Electric Charge    Tloc/Air       Unusable   N/A       N/A         3

Dungeon Overview and Level Annotations

Branches:
Dungeon (2/15)

Altars:


Innate Abilities, Weirdness & Mutations

You cannot be hasted, slowed, berserked, paralysed or teleported.
You can dig through walls and to a lower floor.
You have a pair of large antennae on your head. (SInv)
Your four strong arms can wield two-handed weapons with a shield.


Message History

You closely miss the orc. The orc hits you with a +0 mace.
You closely miss the orc. The orc hits you with a +0 mace!
Aiming: Sandblast (safe; 3% risk of failure)
Press: ? - help, Q - select action, (/) - cycle Shift-Dir - straight line, f/p - orc
Aim: an orc, wielding a +0 mace and wearing a +0 scale mail (84% to hit)
The blast of sand hits the orc but does no damage.
The orc completely misses you.
Unknown command.
You don't have enough magic to cast this spell.
Unknown command.
You are too injured to fight recklessly!
You are too injured to fight recklessly!
You are too injured to fight recklessly!
You hit the orc but do no damage. The orc hits you with a +0 mace.
You hit the orc.
The orc is heavily wounded.
The orc hits you with a +0 mace.
You barely miss the orc.
The orc is heavily wounded.
The orc barely misses you.
You hit the orc but do no damage.
The orc is heavily wounded.
The orc hits you with a +0 mace.
* * * LOW HITPOINT WARNING * * *
You hit the orc but do no damage.
The orc is heavily wounded.
The orc hits you with a +0 mace.
* * * LOW HITPOINT WARNING * * *
Okay, then.
Okay, then.
You aren't carrying any items that you can evoke.
Unknown command.
You barely miss the orc.
The orc is heavily wounded.
The orc completely misses you.
Unknown command.
You barely miss the orc.
The orc is heavily wounded.
The orc hits you with a +0 mace.
You die...

.# .# ###.# ...## ....
#).# #..# #######..#
#...@o...# #.#####.##
#.## #.# #..## #.#
##...###.# ##........#
##########.#.#.#.#.###
#.....<..............#
#.#######.#.#.#.#[#..##


You could see an orc.

Vanquished Creatures
  2 dart slugs (D:1)
  3 orcs (D:2)
  3 bats (D:1)
  4 endoplasms (D:1)
  2 giant cockroaches (D:1)
  2 hobgoblins (D:1)
  A quokka (D:1)
  3 ball pythons (D:1)
  A frilled lizard (D:1)
  2 kobolds (D:1)
  3 rats (D:1)
26 creatures vanquished.

Notes
Turn   | Place    | Note
-------+----------+-------------------------------------------
     0 | D:1      | Bnni the Formicid Earth Elementalist began the quest for
                  | the Orb.
     0 | D:1      | Reached XP level 1. HP: 13/13 MP: 3/3
   132 | D:1      | Reached XP level 2. HP: 20/20 MP: 0/5
   473 | D:1      | Reached skill level 4 in Earth Magic
   473 | D:1      | Reached XP level 3. HP: 25/25 MP: 2/6
   594 | D:1      | Reached skill level 1 in Conjurations
   646 | D:1      | Learned a level 2 spell: Passwall
   650 | D:1      | Learned a level 3 spell: Stone Arrow
  1071 | D:2      | HP: 1/25 [orc/+0 mace (6)]
  1073 | D:2      | Slain by an orc

Illustrated notes

Levels and vault maps discovered:
D:1:      scummos_arrival_forest, layout_loops_ring,
          nicolae_figureground_sparkle
D:2:      layout_loops_ring, shapermc_ecumenical_altar_starsandcircs, hex_medium

Skill      XL: |  1  2  3 |
---------------+----------+-----
Earth Magic    | 4 |  4.1
Conjurations   | 1 |  1.1
Fighting       | |  0.8
Dodging        | |  1.7
Stealth        | |  2.4
Spellcasting   | |  2.3
Transmutations | |  1.9

Action                     || total
---------------------------++-------
  Melee: Short sword       ||    20
   Cast: Sandblast         ||    40
 Armour: Robe              ||     6
  Dodge: Dodged            ||    19
